 Dungeon Sprint DCSS version 0.27-a0-412-g8dd771eca2 (webtiles) character file.

Game seed: 4963934969229907785

710 Gaff the Spear-Bearer (level 7, -12/75 HPs)
             Began as a Minotaur Berserker on Feb 24, 2021.
             Was a Priest of Trog.
             Mangled by an ice devil (16 damage)
             ... summoned by a kobold demonologist
             ... in the Dungeon (Sprint I: "Red Sonja").
             The game lasted 00:02:33 (688 turns).

Gaff the Spear-Bearer (Minotaur Berserker)           Turns: 688, Time: 00:02:34

Health: -12/75     AC: -12   Str: 23    XL:     7   Next: 40%
Magic:  6/6        EV: 14    Int:  4    God:    Trog [***...]
Gold:   405        SH:  0    Dex: 10    Spells: 6/6 levels left

rFire    . . .     SeeInvis .   k - +0 scythe
rCold    . . .     Faith    .   (shield currently unavailable)
rNeg     . . .     Spirit   .   j - +0 leather armour
rPois    .         Reflect  .   (helmet restricted)
rElec    .         Harm     .   (no cloak)
rCorr    .         Rampage  .   (no gloves)
Will     .....     NoTele   +   (no boots)
Stlth    +.........             (no amulet)
HPRegen  0.22/turn              (no ring)
MPRegen  0.10/turn              (no ring)

@: lethally poisoned (-12 -> -26), corroded, berserk cooldown, slowed, very slow
A: retaliatory headbutt, horns 2
a: Renounce Religion, Berserk, Trog's Hand


You were in the Dungeon.
You worshipped Trog.
Trog was most pleased with you.
You visited 1 branch You collected 405 gold pieces.

Inventory:

Hand Weapons
 a - a +0 spear
 k - a +0 scythe (weapon)
 l - a +0 hunting sling
Missiles
 m - 9 poisoned darts
Armour
 b - a +0 animal skin
 j - a +0 leather armour (worn)
Wands
 i - a wand of polymorph (10)
Scrolls
 h - a scroll of blinking
Potions
 c - a potion of curing
 e - a potion of haste
 f - 2 potions of magic
 g - a potion of berserk rage


   Skills:
 + Level 11.8 Fighting
 + Level 12.3 Polearms
 + Level 7.0 Armour
 + Level 6.5 Dodging
 + Level 2.8 Unarmed Combat


You had 6 spell levels left.
You didn't know any spells.
Your spell library was empty.

Dungeon Overview and Level Annotations

Branches:
Dungeon (1/1)

Altars:
Cheibriados
Dithmenos
Elyvilon
Fedhas
Gozag
Hepliaklqana
Kikubaaqudgha
Makhleb
Nemelex Xobeh
Okawaru
Qazlal
Ru
Sif Muna
Trog
Uskayaw
Vehumet
Wu Jian
Xom
Yredelemnul
Zin
The Shining One
Jiyva
Lugonu

Shops:
D *


Innate Abilities, Weirdness & Mutations

You reflexively headbutt those who attack you in melee.
You have a pair of horns on your head.


Message History

You feel sick.
You barely miss the iron imp.
The iron imp is almost dead.
* * * LOW HITPOINT WARNING * * *
You feel sick. The iron imp closely misses you.
You slash the iron imp!
You kill the iron imp!
* * * LOW HITPOINT WARNING * * *
You feel sick.
You hit the kobold demonologist. You headbutt the kobold demonologist.
The kobold demonologist is moderately wounded.
* * * LOW HITPOINT WARNING * * *
You feel sick.
The kobold demonologist hits you with a +1 dagger of holy wrath.
* * * LOW HITPOINT WARNING * * *
The white imp shouts, "Out, out, thou worthless dizzy-eyed apple-john!"
You are too berserk!
You closely miss the kobold demonologist.
You headbutt the kobold demonologist.
The kobold demonologist is moderately wounded.
* * * LOW HITPOINT WARNING * * *
You feel sick.
The kobold demonologist casts a spell.
Okay, then.
You barely miss the ice devil.
You headbutt the ice devil, but do no damage.
You are no longer berserk.
Trog's vigour flows through your veins.
You are exhausted.
You feel yourself slow down.
* * * LOW HITPOINT WARNING * * *
You feel sick. The kobold demonologist misses you. You furiously retaliate!
You headbutt the kobold demonologist, but do no damage.
The kobold demonologist mumbles some strange words.
You feel much better.
You feel sick. The ice devil misses you.
The kobold demonologist barely misses you.
The ice devil hits you!
* * * LOW HITPOINT WARNING * * *
The ice devil freezes you!
You die...

##########################
#<.#.)').#.['5.#5_#5.'...#
#..'..#..'..#5K4^.455#
#..#####'#####K#4_####
#..####..#...#@####
#..#__####..##4#
#..#_____##'#_.+
#⌠⌠#_.∩...†..._#
####_..__##_.#+#
#_____###+# #######


You could see an orange demon (summoned), an ice devil (summoned), 2 kobold
demonologists, a shadow imp (summoned) and 2 ufetubi.

Vanquished Creatures
  A slime creature (D)
  Sigmund (D)
  A yak (D)
  A floating eye (D)
  An ogre (D)
  A jelly (D)
  Ijyb (D)
7 creatures vanquished.

Vanquished Creatures (others)
  A gargoyle (D)
1 creature vanquished.

Grand Total: 8 creatures vanquished

Notes
Turn   | Place    | Note
-------+----------+-------------------------------------------
     0 | D        | Gaff the Minotaur Berserker began the quest for the Orb.
     0 | D        | Reached XP level 1. HP: 19/19 MP: 0/0
     1 | D        | Noticed Ijyb
    10 | D        | Killed Ijyb
    11 | D        | Reached skill level 5 in Fighting
    11 | D        | Reached skill level 5 in Polearms
    11 | D        | Reached XP level 2. HP: 29/29 MP: 1/1
    55 | D        | Noticed an ogre
    58 | D        | Killed an ogre
    59 | D        | Reached skill level 7 in Polearms
    59 | D        | Reached skill level 1 in Unarmed Combat
    59 | D        | Reached XP level 3. HP: 25/39 MP: 2/2
    59 | D        | Reached XP level 4. HP: 30/47 MP: 3/3
   236 | D        | Noticed Sigmund
   241 | D        | Killed Sigmund
   241 | D        | Reached ** piety under Trog
   242 | D        | Reached skill level 9 in Polearms
   242 | D        | Reached skill level 5 in Armour
   242 | D        | Reached skill level 5 in Dodging
   242 | D        | Reached XP level 5. HP: 58/58 MP: 4/4
   242 | D        | Reached XP level 6. HP: 66/66 MP: 5/5
   269 | D        | Killed a gargoyle
   294 | D        | Found an ornate altar of the Wu Jian Council.
   294 | D        | Found a shimmering blue altar of Sif Muna.
   296 | D        | Found a radiant altar of Vehumet.
   302 | D        | Reached skill level 10 in Polearms
   423 | D        | Found Qaleheb's General Store.
   423 | D        | Found an ancient bone altar of Kikubaaqudgha.
   423 | D        | Found a hazy altar of Hepliaklqana.
   423 | D        | Found a stormy altar of Qazlal.
   423 | D        | Found a hide-covered altar of Uskayaw.
   423 | D        | Found a blossoming altar of Fedhas.
   423 | D        | Found a bloodstained altar of Trog.
   423 | D        | Found an iron altar of Okawaru.
   423 | D        | Found a basalt altar of Yredelemnul.
   423 | D        | Found a glowing golden altar of the Shining One.
   423 | D        | Found a snail-covered altar of Cheibriados.
   423 | D        | Found a sacrificial altar of Ru.
   423 | D        | Found a glowing silver altar of Zin.
   423 | D        | Found a shadowy altar of Dithmenos.
   423 | D        | Found a white marble altar of Elyvilon.
   423 | D        | Noticed a yak
   427 | D        | Killed a yak
   428 | D        | Reached skill level 10 in Fighting
   428 | D        | Reached skill level 11 in Polearms
   428 | D        | Found an opulent altar of Gozag.
   429 | D        | Found a sparkling altar of Nemelex Xobeh.
   595 | D        | Found a viscous altar of Jiyva.
   595 | D        | Found a corrupted altar of Lugonu.
   595 | D        | Noticed a slime creature
   596 | D        | Found a burning altar of Makhleb.
   596 | D        | Found a shimmering altar of Xom.
   601 | D        | Killed a slime creature
   601 | D        | Reached *** piety under Trog
   602 | D        | Reached XP level 7. HP: 74/74 MP: 6/6
   656 | D        | Noticed a kobold demonologist
   658 | D        | Noticed a kobold demonologist
   662 | D        | Reached skill level 12 in Polearms
   664 | D        | Noticed a rust devil
   670 | D        | Noticed an orange demon
   675 | D        | Noticed a hellwing
   687 | D        | Noticed an ice devil
   687 | D        | HP: 2/75 [poisoned by an orange demon]
   688 | D        | Mangled by an ice devil

Illustrated notes

Levels and vault maps discovered:
D:        dungeon_sprint_1 [red_sonja_temple_1, red_sonja_temple_small_1]

Skill      XL: |  1  2  3  4  5  6  7 |
---------------+----------------------+-----
Fighting       | 5 7 9 11 | 11.8
Polearms       | 5 7 9 11 12 | 12.3
Armour         | 3 4 5 6 7 |  7.0
Dodging        | 3 4 5 6 |  6.5
Unarmed Combat | 1 2 |  2.8

Action                   |  1- 3 |  4- 6 |  7- 9 || total
-------------------------+-------+-------+-------++-------
Melee: Unarmed           |     6 |       |       ||     6
       Spear             |     2 |     2 |       ||     4
       Headbutt          |     1 |     4 |     5 ||    10
       Scythe            |       |    12 |    20 ||    32
Invok: Berserk           |     2 |     3 |     1 ||     6
  Use: Potion            |       |       |     1 ||     1
Armor: Leather armour    |       |       |     3 ||     3
Dodge: Dodged            |     4 |     8 |    21 ||    33

Table legend: (Time is in decaauts)
 A = Elapsed time spent in this place.
 B = Non-inter-level travel time spent in this place.
 C = Inter-level travel time spent in this place.
 D = Time resting spent in this place.
 E = Time spent auto-exploring this place.
 F = Levels seen in this place.
 G = Mean time per level.
                   A        B        C        D        E       F      G
               +--------+--------+--------+--------+--------+-----+--------+
         Total |    746 |    746 |      0 |    555 |      0 |   1 |  746.0 |
       Dungeon |    746 |    746 |      0 |    555 |      0 |   1 |  746.0 |
               +--------+--------+--------+--------+--------+-----+--------+

Top non-repeatable levels by time:
       D: 746 daAuts
